Get step-by-step instructions on how to execute this build order below. Start the game timer, and the build order will tick by so you can play in parallel with StarCraft on a second screen or mobile device.

Game Time

  0:00

Last Step

  N/A

Next Step

Upcoming Step



Don't want to look back and forth between 2 screens? Try out our Overwolf App, the Spawning Tool Build Advisor to get an in-game overlay with this build!

Complete Build Order

  12  0:02  Drone  
  12  0:12  Extractor  
  12  0:28  Spawning Pool  
  12  0:29  Drone  
  12  0:33  Drone  
  12  0:44  Overlord  
  12  0:50  Drone  
  12  1:15  Zergling x6  
  12  1:21  Queen  
  12  1:26  Zergling x2  
  12  1:34  Metabolic Boost  
  12  2:24  Hatchery  
  12  2:28  Drone x3